 Dungeon Crawl Stone Soup version 0.29.1-1-gd02db69 (webtiles) character file.

Game seed: 10961997933299267812

15176 Timinator the Martial Artist (level 11, -16/92 HPs)
             Began as a Demigod Transmuter on Jan 13, 2023.
             Demolished by a very large slime creature (51 damage)
             ... on level 12 of the Dungeon.
             The game lasted 00:54:08 (15251 turns).

Timinator the Martial Artist (Demigod Transmuter)  Turns: 15251, Time: 00:54:09

Health: -16/92     AC: 18    Str: 21    XL:     11   Next: 66%
Magic:  25/26      EV: 16    Int: 15    God:
Gold:   837        SH:  0    Dex: 22    Spells: 5/14 levels left

rFire   . . .      SeeInvis +     - Unarmed
rCold   . . .      Faith    .   (no shield)
rNeg    . . .      Spirit   .   D - +4 ring mail of Atirugru {rPois MP+9}
rPois   +          Reflect  .   n - +2 helmet
rElec   .          Harm     .   k - +1 cloak
rCorr   .          Rampage  .   t - +0 pair of gloves
Will    +....                   m - +1 pair of boots
Stlth   +.........              (no amulet)
HPRegen 0.25/turn               c - ring of see invisible
MPRegen 0.20/turn               E - +6 ring of strength

@: wereblooded
A: high MP 1, forlorn, divine attributes
a: no special abilities


You were on level 12 of the Dungeon.
You visited 1 branch of the dungeon, and saw 12 of its levels.
You also visited: Sewer.

You collected 837 gold pieces.

Inventory:

Hand Weapons
 g - a +7 quarterstaff of venom
Missiles
 p - 12 javelins (quivered)
 A - a throwing net
Armour
 k - a +1 cloak (worn)
 m - a +1 pair of boots (worn)
 n - a +2 helmet (worn)
 t - a +0 pair of gloves (worn)
 C - a +2 ring mail of willpower
 D - the +4 ring mail of Atirugru (worn) {rPois MP+9}
   (You found it on level 5 of the Dungeon)

   rPois:     It protects you from poison.
   MP:        It affects your magic capacity (+9).
Jewellery
 c - a ring of see invisible (left hand)
 e - a ring of positive energy
 s - a ring of resist corrosion
 x - a +6 ring of dexterity
 y - a ring of willpower
 E - a +6 ring of strength (right hand)
 L - a ring of protection from fire
Wands
 u - a wand of charming (9)
 v - a wand of digging (15)
 z - a wand of roots (4)
 N - a wand of flame (19)
 O - a wand of acid (3)
Scrolls
 f - a scroll of brand weapon
 i - 4 scrolls of fear
 l - a scroll of identify
 o - 6 scrolls of teleportation
 q - a scroll of poison {unknown}
 F - 3 scrolls of fog
 G - a scroll of torment {unknown}
 H - 2 scrolls of blinking
 I - 2 scrolls of magic mapping {unknown}
 J - a scroll of immolation {unknown}
 K - a scroll of summoning {unknown}
 P - a scroll of amnesia {unknown}
Potions
 a - 7 potions of curing
 b - a potion of ambrosia
 d - 2 potions of might
 h - 2 potions of brilliance
 j - 2 potions of magic
 r - 2 potions of resistance
 w - 2 potions of mutation
 B - a potion of flight
 M - a potion of heal wounds


   Skills:
 * Level 7.4 Fighting
 - Level 0.2 Throwing
 - Level 3.0 Armour
 * Level 7.3 Dodging
 + Level 12.4 Unarmed Combat
 - Level 2.0 Spellcasting
 * Level 7.2 Transmutations
 - Level 3.0 Ice Magic
 - Level 0.3 Evocations


You had 5 spell levels left.
You knew the following spells:

 Your Spells              Type           Power      Damage    Failure   Level
a - Beastly Appendage     Tmut           46%        N/A       1%          1
b - Wereblood             Tmut           23%        N/A       2%          2
c - Ice Form              Ice/Tmut       16%        N/A       41%         4
d - Passwall              Tmut/Erth      10%        N/A       12%         2

Your spell library contained the following spells:

 Spells                   Type           Power      Damage    Failure   Level
 Spider Form              Tmut/Pois      12%        N/A       24%         3
 Sandblast                Erth           2%         2d4       34%         1
 Ignite Poison            Fire/Tmut/Pois 8%         N/A       36%         3
 Sublimation of Blood     Necr           1%         N/A       47%         2
 Petrify                  Tmut/Erth      12%        N/A       63%         4
 Gell's Gravitas          Tloc           1%         N/A       71%         3
 Mephitic Cloud           Conj/Pois/Air  1%         N/A       71%         3
 Teleport Other           Tloc           1%         N/A       71%         3
 Irradiate                Conj/Tmut      6%         3d13      92%         5
 Freezing Cloud           Conj/Ice/Air   2%         6-21      100%        5
 Iron Shot                Conj/Erth      0%         9d1       100%        6
 Starburst                Conj/Fire      0%         6d3       100%        6
 Malign Gateway           Summ/Tloc      0%         N/A       100%        7
 Shatter                  Erth           0%         3d5*      100%        9


Dungeon Overview and Level Annotations

Branches:
Dungeon (12/15)            Temple (0/1) D:4            Lair (0/5) D:10
    Orc (0/2) D:11          Sewer (visited)

Shops:
D:8 (

Portals:
Trove: D:10 (show slimy rune of Zot)


Innate Abilities, Weirdness & Mutations

You have an increased reservoir of magic. (+10% MP)
You shall have no god before yourself.
Your divine heritage dramatically boosts your attributes as you level up.


Message History

Two slime creatures merge to form a very large slime creature.
The yak misses you. The yak closely misses you.
You punch the yak!
The yak is heavily wounded.
You completely miss the yak.
The yak is heavily wounded.
The yak closely misses you. The yak barely misses you.
You closely miss the yak.
The yak is heavily wounded.
The yak misses you. The yak gores you!
You punch the yak! You punch the yak.
The yak is almost dead.
The yak gores you. The yak gores you but does no damage.
You hit the yak.
The yak is almost dead.
You punch the yak!
You feel a bit better.
You kill the yak!
The yak gores you but does no damage.
You barely miss the very large slime creature.
You howl as the wereblood boils in your veins!
The very large slime creature misses you.
The yak gores you!
You punch the very large slime creature!
The very large slime creature is lightly wounded.
The very large slime creature misses you.
The yak closely misses you.
You barely miss the very large slime creature.
The very large slime creature is lightly wounded.
You howl as the wereblood boils in your veins!
There is an open door here.
You pummel the very large slime creature!!
The very large slime creature is lightly wounded.
You howl as the wereblood boils in your veins!
The very large slime creature hits you!!!
You barely miss the very large slime creature.
You punch the very large slime creature!
The very large slime creature is moderately wounded.
The very large slime creature hits you!!!
Ouch! That really hurt!
You die...

.......### #........+ #.....
.......'.# #........# #.....
.......#.# #........# ######
..)....#...+........# #. ##'#####
###........# ##. #.## ##'# #..
#..# #YY# #.# ##.# #J## #.#
###'### ####@##############'#
......# ####..........##........
......####..'..........##........
......'....##....................
......#######..........#.........
......# ####'#######.........
......# #.# ##........ ......#
#.## #........ ##'#### #..#
##+######


You could see a very large slime creature and 2 yaks.

Vanquished Creatures
  Snorg (D:10)
  Harold (D:9)
  A boulder beetle (D:12)
  A hydra (D:10)
  2 two-headed ogres
  Nergalle (D:10)
  Sonja (D:11)
  A cyclops (D:12)
  A manticore (D:12)
  Joseph (D:8)
  2 unseen horrors
  Maggie (D:9)
  2 trolls
  A ynoxinul (D:9)
  2 wraiths
  A wyvern (D:9)
  Eustachio (D:4)
  6 yaks
  A steam dragon (D:9)
  The ghost of BankyMcStonks the Caller, an amateur HOSu of Jiyva (D:9)
  8 vampire mosquitoes
  A warg (D:11)
  Edmund (D:4)
  An acid dragon (D:8)
  4 water moccasins
  Duvessa (D:4)
  3 ice beasts
  4 orc warriors
  2 sky beasts
  2 black bears
  An ogre (D:7)
  5 centaurs
  A phantom (D:6)
  3 kobold brigands (D:9)
  6 bullfrogs
  3 necrophages
  2 scorpions
  Dowan (D:4)
  3 wights (D:7)
  19 killer bees
  4 howler monkeys
  4 electric eels (D:10)
  A hound (D:6)
  A gnoll bouda (D:6)
  3 jellies
  5 orc priests
  Crazy Yiuf (D:4)
  An iguana (D:5)
  7 orc wizards
  7 adders
  7 gnolls (D:6)
  2 river rats (Sewer)
  A shadow imp (D:8)
  2 white imps
  An ufetubus (D:5)
  2 worms (D:2)
  3 dart slugs
  27 orcs
  6 bats
  12 endoplasms
  7 giant cockroaches
  2 goblins (D:1)
  9 hobgoblins
  A jackal (D:2)
  14 kobolds
  6 quokkas
  12 ball pythons
  13 frilled lizards
  6 rats
267 creatures vanquished.

Vanquished Creatures (others)
  2 kobolds (D:9)
  A fungus (D:4)
  4 plants (D:9)
7 creatures vanquished.

Grand Total: 274 creatures vanquished

Notes
Turn   | Place    | Note
-------+----------+-------------------------------------------
     0 | D:1      | Timinator the Demigod Transmuter began the quest for the
                  | Orb.
     0 | D:1      | Reached XP level 1. HP: 15/15 MP: 5/5
    32 | D:1      | Reached skill level 1 in Fighting
   216 | D:1      | Got the Anthology of Igneous Coordinates
   233 | D:1      | Reached XP level 2. HP: 1/23 MP: 5/7
   964 | D:1      | Reached skill level 3 in Unarmed Combat
  1461 | D:2      | Identified the +1 robe "Hitreb" {rF+ Will++ Int-2 Stlth+}
  1602 | D:2      | Reached XP level 3. HP: 28/28 MP: 6/8
  1637 | D:2      | Learned a level 2 spell: Wereblood
  1668 | D:2      | Reached skill level 1 in Armour
  2210 | D:3      | Noticed a necrophage
  2230 | D:3      | Killed a necrophage
  2231 | D:3      | Reached XP level 4. HP: 22/36 MP: 6/9
  2422 | D:3      | Found a glowing drain.
  2448 | Sewer    | Entered a sewer
  2611 | Sewer    | Reached XP level 5. HP: 29/41 MP: 7/10
  2735 | Sewer    | Reached skill level 4 in Unarmed Combat
  3739 | D:4      | Noticed Eustachio
  3756 | D:4      | Killed Eustachio
  3757 | D:4      | Reached XP level 6. HP: 50/50 MP: 11/11
  4046 | D:4      | Noticed Duvessa
  4046 | D:4      | Noticed Dowan
  4048 | D:4      | Noticed Edmund
  4056 | D:4      | Killed Duvessa
  4057 | D:4      | Reached skill level 5 in Unarmed Combat
  4067 | D:4      | Killed Edmund
  4068 | D:4      | Reached XP level 7. HP: 56/56 MP: 11/13
  4074 | D:4      | Killed Dowan
  4248 | D:4      | Found a staircase to the Ecumenical Temple.
  4803 | D:4      | Found a runed translucent door.
  4804 | D:4      | Noticed Crazy Yiuf
  4809 | D:4      | Killed Crazy Yiuf
  4916 | D:5      | Entered Level 5 of the Dungeon
  5016 | D:5      | Identified the +4 ring mail of Atirugru {rPois MP+9}
  5148 | D:5      | Reached skill level 6 in Unarmed Combat
  5997 | D:6      | Noticed a two-headed ogre
  6016 | D:6      | Killed a two-headed ogre
  6017 | D:6      | Reached skill level 7 in Unarmed Combat
  6017 | D:6      | Reached XP level 8. HP: 20/67 MP: 14/14
  6475 | D:6      | Reached skill level 8 in Unarmed Combat
  6639 | D:6      | Reached XP level 9. HP: 64/73 MP: 15/15
  6833 | D:7      | Reached skill level 5 in Fighting
  7228 | D:7      | Reached skill level 9 in Unarmed Combat
  7235 | D:7      | Reached skill level 5 in Transmutations
  7241 | D:7      | Learned a level 4 spell: Ice Form
  7843 | D:8      | Found Rioh Ces's Antique Weapon Shop.
  8704 | D:9      | Noticed Joseph
  8706 | D:9      | Noticed Maggie
  8713 | D:8      | Reached skill level 5 in Dodging
  8713 | D:8      | Reached skill level 1 in Ice Magic
  8839 | D:8      | Killed Joseph
  8840 | D:8      | Reached XP level 10. HP: 70/83 MP: 16/16
  8868 | D:9      | Killed Maggie
  8869 | D:9      | Reached skill level 10 in Unarmed Combat
  9264 | D:9      | Noticed BankyMcStonks's ghost (amateur HOSu)
  9329 | D:9      | Found a runed translucent door.
  9549 | D:9      | Noticed Harold
  9579 | D:9      | Killed Harold
 10282 | D:9      | Killed BankyMcStonks's ghost
 10428 | D:9      | Got the Parchment of Clay
 10438 | D:9      | Learned a level 2 spell: Passwall
 10454 | D:10     | Entered Level 10 of the Dungeon
 10454 | D:10     | Found a staircase to the Lair.
 10471 | D:10     | Noticed a two-headed ogre
 10483 | D:10     | Killed a two-headed ogre
 10637 | D:10     | Reached skill level 11 in Unarmed Combat
 11002 | D:10     | Found a portal to a secret trove of treasure.
 11003 | D:10     | Noticed Snorg
 11415 | D:10     | Killed Snorg
 11730 | D:10     | Noticed Nergalle
 11747 | D:10     | Killed Nergalle
 11748 | D:10     | Reached XP level 11. HP: 59/91 MP: 17/17
 12454 | D:10     | Noticed a seven-headed hydra
 12473 | D:10     | Killed a seven-headed hydra
 12856 | D:11     | Noticed Sonja
 12867 | D:11     | Killed Sonja
 13875 | D:11     | Found a staircase to the Orcish Mines.
 14357 | D:12     | Reached skill level 12 in Unarmed Combat
 14615 | D:12     | Noticed a boulder beetle
 14640 | D:12     | Killed a boulder beetle
 15251 | D:12     | Demolished by a very large slime creature

Illustrated notes

Levels and vault maps discovered:
D:1:      saegor_arrival_simple_d, layout_loops_ring,
          ebering_ecumenical_altar_abandoned, corexii_hall_statues_l,
          wander_ebering_terrifying_dragon_lair
D:2:      layout_loops_ring, basic_altar, minmay_increasing_density
D:3:      layout_rooms, gup_sewer_entry_pipe, st_stairs_4
D:4:      layout_loops_ring, chequers_temple_overflow_statue_of_worship,
          minmay_temple_entry_junction, chequers_serial_rivers_room_b,
          uniq_duvessa, uniq_eustachio, uniq_edmund, uniq_crazy_yiuf_cottage
D:5:      layout_basic, mainiacjoe_overflow_chevrons,
          mainiacjoe_overflow_tiny_flanked
D:6:      layout_basic
D:7:      layout_rooms
D:8:      layout_loops_ring, serial_shops, nicolae_diamond_shop
D:9:      layout_loops_ring, hellmonk_ghost_big_iron, uniq_harold, uniq_maggie,
          uniq_joseph
D:10:     layout_basic, nicolae_overflow_two_pavilions,
          nicolae_trove_entry_free_sample, uniq_snorg, uniq_nergalle
D:11:     layout_cross, david_orc_1_choice, serial_co_window_serial,
          co_window_paths_b, co_window_paths_a, co_window_of_opportunity_a,
          co_window_cross_1, co_window_paths_b, co_window_cross_2,
          co_window_paths_c, co_window_unsneaky_path_e, co_window_paths_c,
          co_window_corner_ca, co_window_cross_2, glass_columns_a,
          xom_redecorated, uniq_sonja
D:12:     layout_roguey

Skill      XL: |  1  2  3  4  5  6  7  8  9 10 11 |
---------------+----------------------------------+-----
Fighting       | 1 2 4 5 6 7 |  7.4
Spellcasting   | 2 |  2.0
Transmutations | 2 3 4 5 6 7 |  7.2
Unarmed Combat | 3 4 5 7 8 9 11 12 | 12.4
Armour         | 1 2 3 |  3.0
Dodging        | 2 3 5 6 7 |  7.3
Ice Magic      | 1 3 |  3.0
Throwing       | |  0.2
Evocations     | |  0.3

Action                   |  1- 3 |  4- 6 |  7- 9 | 10-12 || total
-------------------------+-------+-------+-------+-------++-------
Melee: Unarmed           |   144 |   213 |   420 |   442 ||  1219
       Kick              |    23 |    11 |     6 |       ||    40
       Headbutt          |    16 |     8 |     5 |       ||    29
       Punch             |     2 |     4 |    22 |    55 ||    83
Throw: Javelin           |       |     1 |     7 |     9 ||    17
       Throwing net      |       |       |       |     1 ||     1
 Cast: Beastly Appendage |    22 |     9 |     2 |     1 ||    34
       Wereblood         |     3 |    14 |    38 |    24 ||    79
 Abil: End Transformatio |       |       |       |     1 ||     1
Evoke: Wand              |       |       |     2 |     5 ||     7
  Use: Potion            |       |     2 |     2 |    10 ||    14
       Scroll            |       |       |    12 |    13 ||    25
 Stab: Sleeping          |     2 |     2 |     1 |       ||     5
       Invisible         |       |       |       |     3 ||     3
Armor: Robe              |    35 |    49 |       |       ||    84
       Skin              |       |    20 |     5 |     4 ||    29
       Ring mail         |       |     4 |   190 |   164 ||   358
Dodge: Dodged            |    93 |   103 |   265 |   308 ||   769
